 Dungeon Crawl Stone Soup version 0.20-b1-2-gc5a9893 (webtiles) character file.

555 FastMan the Cleaver (level 7, -11/96 HPs)
             Began as a Minotaur Berserker on May 23, 2017.
             Was a Believer of Trog.
             Mangled by a red ugly thing (15 damage)
             ... on level 4 of the Dungeon.
             The game lasted 00:03:08 (2921 turns).

FastMan the Cleaver (Minotaur Berserker)            Turns: 2921, Time: 00:03:09

Health: -11/96     AC: 12    Str: 28    XL:     7   Next: 8%
Magic:  6/6        EV:  8    Int:  4    God:    Trog [**....]
Gold:   161        SH:  0    Dex: 10    Spells: 6/6 levels left

rFire    . . .     SeeInvis .   a - +0 hand axe
rCold    . . .     Gourm    .   (no shield)
rNeg     . . .     Faith    .   t - +0 plate armour
rPois    +         Spirit   .   (helmet restricted)
rElec    .         Reflect  .   l - +0 cloak
rCorr    .         Harm     .   (no gloves)
MR       ++...                  (no boots)
Stlth    ..........             (no amulet)
Regen    1.3/turn               o - ring of poison resistance
MPRegen  0.1/turn               (no ring)

@: berserking, regenerating, very quick
A: retaliatory headbutt, horns 2
a: Berserk, Trog's Hand, Burn Spellbooks, Renounce Religion


You were on level 4 of the Dungeon.
You worshipped Trog.
Trog was pleased with you.
You were very hungry.

You visited 1 branch of the dungeon, and saw 4 of its levels.

You collected 161 gold pieces.

Inventory:

Hand Weapons
 a - a +0 hand axe (weapon)
Armour
 l - a +0 cloak (worn)
 t - a +0 plate armour (worn)
Jewellery
 o - a ring of poison resistance (left hand)
Scrolls
 g - a scroll of fear
 h - a scroll of fog {unknown}
 k - a scroll of immolation {unknown}
 q - 2 scrolls of blinking {@r4}
 s - a scroll of recharging {unknown}
Potions
 e - a potion of agility {@q5}
 f - a potion of ambrosia
 j - a potion of curing {unknown}
 m - a potion of lignification
 n - a potion of flight
 p - a potion of berserk rage {unknown}
Comestibles
 b - a royal jelly {@e3}
 c - 3 bread rations {@e1}
 d - 2 chunks of flesh
 i - 2 meat rations {@e2}
 r - 6 fruits {@e4}


   Skills:
 + Level 6.4 Fighting
 * Level 8.2 Axes
 - Level 2.4 Armour
 - Level 2.1 Dodging


You had 6 spell levels left.
You didn't know any spells.

Dungeon Overview and Level Annotations

Branches:
Dungeon (4/15)
 Temple: D:4-7

Altars:
Ashenzari
Okawaru

Annotations:
D:4 1 transporter, Sigmund


Innate Abilities, Weirdness & Mutations

You reflexively headbutt those who attack you in melee.
You have a pair of horns on your head.


Message History

You slash the red ugly thing! You headbutt the red ugly thing!
The red ugly thing is heavily wounded.
You hit the orc. You slash the bullfrog zombie! The red ugly thing bites you.
You are engulfed in flames!!
* * * LOW HITPOINT WARNING * * *
The orc hits you but does no damage.
The bullfrog zombie hits you but does no damage.
Sigmund hits you from afar with a scythe!
* * * LOW HITPOINT WARNING * * *
You hit the red ugly thing. You headbutt the red ugly thing!
The red ugly thing is severely wounded.
You slash the orc!
You kill the orc!
Trog accepts your kill.
You barely miss the bullfrog zombie.
The bullfrog zombie hits you but does no damage.
The red ugly thing bites you!
* * * LOW HITPOINT WARNING * * *
You are engulfed in flames!
You die...

##.......###...#
##.....####...###
#########......###########
#####.....#............
##.....©.......#########
#..#########...#
#.##8....@8##..#
#.#....Zo...#..#
#.#.#..@u#..#..#
#.#..#....#.#..#
#.#..).....©#..#
#.#..#....#.#.[#
#.#.#....#$.#..#
#.#.$$=..?$.#..#
#.##8!_$_.8##..#
#..#########...#
##.....(.......#


You could see a red ugly thing, Sigmund, an orc wizard and a bullfrog zombie.

Vanquished Creatures
  A black bear (D:3)
  An ogre (D:4)
  A bullfrog (D:4)
  2 orc priests (D:3)
  Crazy Yiuf (D:3)
  Natasha (twice) (D:3)
  2 worker ants (D:4)
  6 adders
  2 oozes
  2 worms
  2 dart slugs
  2 leopard geckos
  5 orcs
  A ball python (D:1)
  4 bats
  5 giant cockroaches (D:2)
  8 hobgoblins
  2 jackals (D:1)
  3 frilled lizards
  3 goblins
  7 kobolds
  4 rats
66 creatures vanquished.

Vanquished Creatures (others)
  A bat (D:2)
1 creature vanquished.

Grand Total: 67 creatures vanquished

Notes
Turn   | Place    | Note
-------+----------+-------------------------------------------
     0 | D:1      | FastMan the Minotaur Berserker began the quest for the Orb.
     0 | D:1      | Reached XP level 1. HP: 19/19 MP: 0/0
   165 | D:1      | Reached skill level 4 in Axes
   165 | D:1      | Reached XP level 2. HP: 25/27 MP: 1/1
   550 | D:2      | Reached XP level 3. HP: 31/33 MP: 2/2
   728 | D:2      | Reached ** piety under Trog
   953 | D:2      | Reached skill level 5 in Axes
  1319 | D:3      | Reached XP level 4. HP: 41/41 MP: 3/3
  1379 | D:3      | Noticed a black bear
  1383 | D:3      | Reached skill level 5 in Fighting
  1416 | D:3      | Killed a black bear
  1416 | D:3      | Reached skill level 6 in Axes
  1416 | D:3      | Reached XP level 5. HP: 35/48 MP: 4/4
  1787 | D:3      | Found a runed door.
  1828 | D:3      | Noticed Crazy Yiuf
  1833 | D:3      | Killed Crazy Yiuf
  1833 | D:3      | Reached XP level 6. HP: 56/56 MP: 5/5
  2019 | D:3      | Noticed Natasha
  2022 | D:3      | Killed Natasha
  2022 | D:3      | Reached skill level 7 in Axes
  2396 | D:3      | Noticed Natasha
  2404 | D:3      | Killed Natasha
  2826 | D:4      | Noticed Sigmund
  2862 | D:4      | Noticed a red ugly thing
  2875 | D:4      | Found an iron altar of Okawaru.
  2876 | D:4      | Found a shattered altar of Ashenzari.
  2919 | D:4      | Reached skill level 8 in Axes
  2919 | D:4      | Reached XP level 7. HP: 40/64 MP: 6/6
  2921 | D:4      | HP: 4/96 [red ugly thing (8)]
  2921 | D:4      | Mangled by a red ugly thing

Skill      XL: |  1  2  3  4  5  6 |
---------------+-------------------+-----
Axes           | 4 5 6 8 |  8.2
Fighting       | 4 5 6 |  6.4
Armour         | |  2.4
Dodging        | |  2.1

Action                   |  1- 3 |  4- 6 |  7- 9 || total
-------------------------+-------+-------+-------++-------
Melee: Hand axe          |    76 |    82 |     2 ||   160
       Headbutt          |     8 |    15 |     2 ||    25
Invok: Berserk           |       |     4 |       ||     4
       Trog's Hand       |       |     2 |       ||     2
  Use: Scroll            |       |     8 |       ||     8
  Eat: Chunk             |     1 |     4 |       ||     5
       Bread ration      |       |     1 |       ||     1
Armor: Animal skin       |     8 |       |       ||     8
       Chain mail        |     8 |    45 |       ||    53
       Scale mail        |     4 |       |       ||     4
       Plate armour      |       |    14 |     3 ||    17
Dodge: Dodged            |    43 |    33 |       ||    76
